Map: Site Delta LE

Players

LiquidMaNa (MaNa)

  • Race: Protoss Protoss
  • League: Grandmaster
  • Spawn Location: 5:00

MaxPax - Winner!

  • Race: Protoss Protoss
  • League: Grandmaster
  • Spawn Location: 11:00

VOD

Have the link to the VOD?

Description

Time

  • Played on: Nov. 21, 2023, 11:12 a.m.
  • Length: 9:07
Show
View Real Time Build Order
Export as new Build Order

LiquidMaNa Protoss 

Build Orders: Blink Stalkers 

Get SALT Encoding   

  12  0:00  Probe  
  13  0:12  Probe  
  14  0:19  Pylon  
  14  0:24  Probe  
  15  0:37  Probe (Chrono Boost)  
  15  0:39  Gateway  
  16  0:46  Probe (Chrono Boost)  
  16  0:47  Assimilator  
  17  0:52  Probe  
  17  0:56  Assimilator  
  18  1:04  Probe (Chrono Boost)  
  19  1:13  Probe (Chrono Boost)  
  19  1:17  Gateway  
  20  1:18  Probe (Chrono Boost)  
  21  1:26  Cybernetics Core  
  21  1:30  Probe  
  22  1:40  Pylon  
  22  1:42  Probe  
  23  2:02  Robotics Facility  
  23  2:04  Adept  
  23  2:05  Adept  
  23  2:08  Warp Gate  
  27  2:15  Pylon  
  27  2:34  Stalker  
  27  2:35  Stalker  
  30  2:45  Twilight Council  
  30  2:56  Warp Prism (Chrono Boost)  
  30  3:25  Blink (Chrono Boost)  
  30  3:27  Probe  
  29  3:37  Gateway  
  29  3:38  Gateway  
  29  3:45  Probe  
  28  3:56  Adept x2  
  28  3:57  Probe  
  34  4:03  Pylon  
  34  4:04  Observer  
  34  4:09  Probe  
  35  4:24  Stalker x2  
  38  4:36  Stalker x2  
  39  4:46  Observer  
  39  4:50  Warp Prism  
  41  5:06  Stalker x2  
  45  5:23  Stalker  
  47  5:29  Pylon  
  47  5:54  Stalker x2  
  47  5:55  Stalker x2  
  44  6:23  Stalker x3  
  42  6:27  Stalker  
  44  6:37  Shield Battery  
  44  6:43  Warp Prism (Chrono Boost)  
  44  7:00  Stalker  
  44  7:01  Stalker  
  48  7:10  Stalker  
  50  7:22  Pylon  
  50  7:26  Stalker  
  53  7:31  Observer (Chrono Boost)  
  53  7:43  Stalker x2  
  57  7:55  Stalker  
  59  8:02  Stalker  
  61  8:18  Stalker  
  51  8:45  Stalker x3  
Show
View Real Time Build Order
Export as new Build Order

MaxPax Protoss - Winner!

Build Orders: Oracle Opening 

Get SALT Encoding   

  12  0:00  Probe  
  13  0:12  Probe  
  14  0:19  Pylon  
  14  0:24  Probe  
  15  0:38  Probe (Chrono Boost)  
  15  0:39  Gateway  
  16  0:46  Probe (Chrono Boost)  
  16  0:47  Assimilator  
  17  0:52  Probe (Chrono Boost)  
  17  0:55  Assimilator  
  19  1:04  Probe (Chrono Boost)  
  19  1:05  Pylon  
  19  1:13  Probe (Chrono Boost)  
  19  1:18  Probe  
  21  1:25  Cybernetics Core  
  21  1:30  Probe  
  22  1:34  Zealot  
  24  1:42  Probe  
  25  1:54  Probe  
  26  2:03  Stargate  
  26  2:05  Stalker  
  28  2:14  Warp Gate  
  28  2:26  Nexus  
  28  2:33  Shield Battery  
  28  2:42  Pylon  
  28  2:44  Oracle (Chrono Boost)  
  31  3:00  Shield Battery, Probe  
  31  3:02  Stalker  
  34  3:12  Probe (Chrono Boost)  
  30  3:24  Probe (Chrono Boost)  
  28  3:33  Probe (Chrono Boost)  
  31  3:42  Void Ray (Chrono Boost), Probe  
  31  3:46  Probe  
  33  3:54  Probe  
  34  3:59  Probe  
  35  4:07  Probe  
  36  4:14  Probe  
  34  4:35  Probe x2  
  34  4:36  Void Ray (Chrono Boost)  
  40  4:45  Shield Battery  
  40  4:47  Probe  
  40  4:49  Probe  
  43  5:06  Shield Battery  
  46  5:10  Void Ray (Chrono Boost)  
  46  5:18  Probe  
  46  5:19  Probe  
  48  5:22  Stalker  
  48  5:27  Pylon  
  50  5:45  Pylon  
  50  5:48  Void Ray (Chrono Boost)  
  54  5:56  Probe  
  55  5:57  Probe  
  55  5:58  Stalker  
  57  6:08  Probe  
  57  6:09  Probe  
  53  6:21  Probe x2  
  55  6:25  Shield Battery  
  55  6:37  Probe  
  55  6:39  Void Ray (Chrono Boost), Probe  
  61  6:48  Gateway  
  61  6:51  Probe  
  62  6:58  Stalker  
  64  7:02  Assimilator, Probe  
  64  7:06  Probe  
  64  7:17  Probe  
  64  7:19  Void Ray (Chrono Boost)  
  64  7:20  Gateway, Probe  
  70  7:26  Shield Battery  
  70  7:37  Robotics Facility  
  70  7:40  Pylon  
  70  7:48  Pylon  
  70  7:59  Stalker  
  70  8:01  Void Ray  
  70  8:02  Zealot  
  78  8:06  Pylon  
  78  8:08  Probe  
  78  8:10  Shield Battery  
  79  8:16  Probe  
  79  8:18  Stalker  
  78  8:23  Immortal (Chrono Boost)  
  78  8:24  Cybernetics Core  
  72  8:35  Zealot  
  72  8:38  Probe  
  67  8:45  Pylon  
  67  8:50  Zealot  
  67  8:54  Probe  
Tags
 
Add a new tag
Caveats
  • Supply blocks, unpowered buildings, or Contaminate may cause inaccurate times.
  • Supply counts are checked every 10 seconds.